 Dungeon Crawl Stone Soup version 0.26-a0-712-ga5a9c9c9d0 (webtiles) character file.

Game seed: 3095198003089554173

513 Gargoyl the Skirmisher (level 7, -9/60 HPs)
             Began as a Gnoll Abyssal Knight on Nov 1, 2020.
             Was a Believer of Lugonu.
             Mangled by an ogre
             ... wielding a +0 giant club
              (14 damage)
             ... on level 5 of the Dungeon.
             The game lasted 00:04:15 (2599 turns).

Gargoyl the Skirmisher (Gnoll Abyssal Knight)       Turns: 2599, Time: 00:04:16

Health: -9/60      AC: 18    Str: 17    XL:     7   Next: 19%
Magic:  19/19      EV:  6    Int: 20    God:    Lugonu [**....]
Gold:   219        SH:  0    Dex: 14    Spells: 10/10 levels left

rFire    . . .     SeeInvis .   a - +1 hand axe
rCold    + . .     Faith    .   (no shield)
rNeg     . . .     Spirit   .   e - +4 plate armour of Agnosticism {MP+9}
rPois    +         Reflect  .   (no helmet)
rElec    .         Harm     .   o - +0 cloak
rCorr    .         Rampage  .   (no gloves)
MR       .....                  c - +0 pair of boots
Stlth    ..........             (no amulet)
HPRegen  0.20/turn              d - ring of stealth
MPRegen  0.16/turn              j - +6 ring of intelligence

@: hasted, very quick
A: distributed training, fangs 1, cold resistance 1, poison resistance, strong
nose
a: Depart the Abyss, Bend Space, Renounce Religion


You were on level 5 of the Dungeon.
You worshipped Lugonu.
Lugonu was pleased with you.
You visited 1 branch of the dungeon, and saw 5 of its levels.
You visited the Abyss 1 time.

You collected 219 gold pieces.

Inventory:

Hand Weapons
 a - a +1 hand axe (weapon)
Missiles
 b - 13 poisoned darts (quivered)
Armour
 c - a +0 pair of boots (worn)
 e - the +4 plate armour of Agnosticism (worn) {MP+9}
   (You found it on level 2 of the Abyss)

   It affects your magic capacity (+9).
 o - a +0 cloak (worn)
Jewellery
 d - a ring of stealth (left hand)
 j - a +6 ring of intelligence (right hand)
Scrolls
 i - 2 scrolls of remove curse


   Skills:
 + Level 7.0 Fighting
 + Level 2.3 Short Blades
 + Level 2.3 Long Blades
 + Level 5.1 Axes
 + Level 2.3 Maces & Flails
 + Level 2.3 Polearms
 + Level 2.3 Staves
 + Level 2.3 Slings
 + Level 2.3 Bows
 + Level 2.3 Crossbows
 + Level 2.3 Throwing
 + Level 5.1 Armour
 + Level 3.5 Dodging
 + Level 2.3 Stealth
 + Level 2.3 Shields
 + Level 2.3 Unarmed Combat
 + Level 2.3 Spellcasting
 + Level 1.9 Conjurations
 + Level 1.9 Hexes
 + Level 1.9 Summonings
 + Level 1.9 Necromancy
 + Level 1.9 Translocations
 + Level 1.9 Transmutations
 + Level 1.9 Fire Magic
 + Level 1.9 Ice Magic
 + Level 1.9 Air Magic
 + Level 1.9 Earth Magic
 + Level 1.9 Poison Magic
 + Level 5.3 Invocations
 + Level 2.3 Evocations


You had 10 spell levels left.
You didn't know any spells.
Your spell library was empty.

Dungeon Overview and Level Annotations

Branches:
Dungeon (5/15)
 Temple: D:4-7

Altars:
Ru


Innate Abilities, Weirdness & Mutations

Your experience applies equally to all skills.
You have very sharp teeth.
Your uncanny sense of smell can sniff out nearby items.
Your flesh is cold resistant. (rC+)
Your system is resistant to poisons. (rPois)


Message History

The quasit bites you but does no damage.
The quasit claws you but does no damage.
The quasit barely misses you.
Your plate armour of Agnosticism prevents you from hitting the ogre.
You bite the ogre, but do no damage.
The ogre is heavily wounded.
You miss the quasit.
The centaur shoots an arrow.
The arrow hits you but does no damage.
The quasit bites you but does no damage.
The quasit claws you but does no damage. x2
The ogre hits you but does no damage.
You closely miss the ogre.
The ogre is heavily wounded.
You hit the quasit.
The quasit bites you but does no damage.
The quasit claws you but does no damage. x2
You slash the ogre!
The ogre is almost dead.
You miss the quasit. The ogre hits you with a +0 giant club!
You die...

#.... [5.##$...# #
.5......# ..
.#.....# ... .
.......####.. ...
#..#.5#...
....#....c#.#
.......##...###..
......gO@5........
......)########...
.....#. . .... ..
... .#. .. .... .
.. .. ... .>


You could see an ogre, a centaur, a quasit, a gnoll and a white imp.

Vanquished Creatures
  Sigmund (D:2)
  An ogre (D:5)
  A scorpion (D:5)
  A howler monkey (D:5)
  Natasha (twice) (D:2)
  Terence (D:1)
  2 gnolls (D:5)
  3 adders
  An ooze (D:1)
  A worm (D:2)
  A dart slug (D:1)
  2 orcs
  A ball python (D:3)
  10 bats
  5 giant cockroaches
  11 hobgoblins
  4 frilled lizards
  6 goblins
  11 kobolds
  A quokka zombie (D:5)
  4 rats
70 creatures vanquished.

Notes
Turn   | Place    | Note
-------+----------+-------------------------------------------
     0 | Abyss:1  | Gargoyl the Gnoll Abyssal Knight began the quest for the
                  | Orb.
     0 | Abyss:1  | Reached XP level 1. HP: 23/23 MP: 3/3
   146 | Abyss:1  | Noticed a shadow
   147 | Abyss:1  | Noticed a small abomination
   157 | Abyss:1  | Noticed a large abomination
   166 | Abyss:2  | Noticed a thrashing horror
   168 | Abyss:2  | Got a smoking plate armour
   169 | D:1      | Escaped the Abyss
   180 | D:1      | Identified the +4 plate armour of Agnosticism {MP+9} (You
                  | found it on level 2 of the Abyss)
   420 | D:1      | Reached XP level 2. HP: 29/29 MP: 5/5
   509 | D:1      | Reached * piety under Lugonu
  1030 | D:1      | Reached XP level 3. HP: 35/35 MP: 6/6
  1081 | D:2      | Noticed Terence
  1099 | D:1      | Killed Terence
  1118 | D:2      | Reached skill level 1 in Short Blades
  1118 | D:2      | Reached skill level 1 in Long Blades
  1118 | D:2      | Reached skill level 1 in Maces & Flails
  1118 | D:2      | Reached skill level 1 in Polearms
  1118 | D:2      | Reached skill level 1 in Staves
  1118 | D:2      | Reached skill level 1 in Slings
  1118 | D:2      | Reached skill level 1 in Bows
  1118 | D:2      | Reached skill level 1 in Crossbows
  1118 | D:2      | Reached skill level 1 in Throwing
  1118 | D:2      | Reached skill level 1 in Stealth
  1118 | D:2      | Reached skill level 1 in Shields
  1118 | D:2      | Reached skill level 1 in Unarmed Combat
  1118 | D:2      | Reached skill level 1 in Spellcasting
  1118 | D:2      | Reached skill level 1 in Evocations
  1255 | D:2      | Noticed Sigmund
  1280 | D:2      | Killed Sigmund
  1280 | D:2      | Reached skill level 1 in Conjurations
  1280 | D:2      | Reached skill level 1 in Hexes
  1280 | D:2      | Reached skill level 1 in Summonings
  1280 | D:2      | Reached skill level 1 in Necromancy
  1280 | D:2      | Reached skill level 1 in Translocations
  1280 | D:2      | Reached skill level 1 in Transmutations
  1280 | D:2      | Reached skill level 1 in Fire Magic
  1280 | D:2      | Reached skill level 1 in Ice Magic
  1280 | D:2      | Reached skill level 1 in Air Magic
  1280 | D:2      | Reached skill level 1 in Earth Magic
  1280 | D:2      | Reached skill level 1 in Poison Magic
  1280 | D:2      | Reached XP level 4. HP: 22/41 MP: 7/7
  1280 | D:2      | Reached XP level 5. HP: 25/47 MP: 8/8
  1448 | D:2      | Noticed Natasha
  1463 | D:2      | Killed Natasha
  1463 | D:2      | Reached skill level 5 in Invocations
  1463 | D:2      | Reached XP level 6. HP: 46/53 MP: 9/9
  1559 | D:2      | Reached ** piety under Lugonu
  1750 | D:2      | Noticed Natasha
  1760 | D:2      | Killed Natasha
  1947 | D:3      | Reached skill level 5 in Axes
  1947 | D:3      | Reached skill level 5 in Armour
  2082 | D:3      | Found a sacrificial altar of Ru.
  2399 | D:5      | Entered Level 5 of the Dungeon
  2576 | D:5      | Reached XP level 7. HP: 29/59 MP: 10/10
  2589 | D:5      | Gained mutation: Your system is resistant to poisons.
                  | (rPois) [potion of mutation]
  2589 | D:5      | Gained mutation: Your movements are slightly less
                  | encumbered by armour. (ER -2) [potion of mutation]
  2589 | D:5      | Lost mutation: Your movements are slightly less encumbered
                  | by armour. (ER -2) [potion of mutation]
  2589 | D:5      | Gained mutation: Your flesh is cold resistant. (rC+)
                  | [potion of mutation]
  2590 | D:5      | Reached skill level 7 in Fighting
  2599 | D:5      | Mangled by an ogre

Illustrated notes

Levels and vault maps discovered:
D:1:      minmay_arrival_doors, layout_loops_ring, kennysheep_pointless_box,
          serial_bayou_pond_d
D:2:      layout_rooms, uniq_natasha, uniq_terence, uniq_sigmund
D:3:      layout_rooms, nicolae_ru_the_path_less_chosen
D:4:      layout_cave_pools, minmay_curled_crystal
D:5:      layout_basic, minmay_temple_entry_arrows, enter_ossuary_1,
          kennysheep_generic_room_8

Skill      XL: |  1  2  3  4  5  6  7 |
---------------+----------------------+-----
Short Blades   | 1 2 |  2.3
Long Blades    | 1 2 |  2.3
Maces & Flails | 1 2 |  2.3
Polearms       | 1 2 |  2.3
Staves         | 1 2 |  2.3
Slings         | 1 2 |  2.3
Bows           | 1 2 |  2.3
Crossbows      | 1 2 |  2.3
Throwing       | 1 2 |  2.3
Stealth        | 1 2 |  2.3
Shields        | 1 2 |  2.3
Unarmed Combat | 1 2 |  2.3
Spellcasting   | 1 2 |  2.3
Evocations     | 1 2 |  2.3
Dodging        | 3 |  3.5
Conjurations   | 1 |  1.9
Hexes          | 1 |  1.9
Summonings     | 1 |  1.9
Necromancy     | 1 |  1.9
Translocations | 1 |  1.9
Transmutations | 1 |  1.9
Fire Magic     | 1 |  1.9
Ice Magic      | 1 |  1.9
Air Magic      | 1 |  1.9
Earth Magic    | 1 |  1.9
Poison Magic   | 1 |  1.9
Invocations    | 5 |  5.3
Axes           | 5 |  5.1
Armour         | 5 |  5.1
Fighting       | 7 |  7.0

Action                   |  1- 3 |  4- 6 |  7- 9 || total
-------------------------+-------+-------+-------++-------
Melee: Hand axe          |    96 |   122 |    19 ||   237
       Bite              |     9 |    11 |     4 ||    24
       Punch             |       |     2 |       ||     2
Invok: Depart the Abyss  |     1 |       |       ||     1
  Use: Scroll            |     3 |     5 |       ||     8
       Potion            |     2 |     1 |     3 ||     6
Armor: Plate armour      |    67 |   123 |    35 ||   225
Dodge: Dodged            |    25 |    56 |    15 ||    96

Table legend: (Time is in decaauts)
 A = Elapsed time spent in this place.
 B = Non-inter-level travel time spent in this place.
 C = Inter-level travel time spent in this place.
 D = Time resting spent in this place.
 E = Time spent auto-exploring this place.
 F = Levels seen in this place.
 G = Mean time per level.
                   A        B        C        D        E       F      G
               +--------+--------+--------+--------+--------+-----+--------+
         Total |   2612 |   2502 |    110 |    272 |   1589 |   7 |  373.1 |
       Dungeon |   2443 |   2333 |    110 |    272 |   1460 |   5 |  488.6 |
         Abyss |    168 |    168 |      0 |      0 |    129 |   2 |   84.0 |
               +--------+--------+--------+--------+--------+-----+--------+

Top non-repeatable levels by time:
     D:1: 944 daAuts
     D:2: 785 daAuts
     D:3: 469 daAuts
     D:5: 196 daAuts
 Abyss:1: 159 daAuts
     D:4: 47 daAuts
 Abyss:2: 8 daAuts
